AoeStats
← KrSo

Arabia

508638789Analyzed
3v3 RM · 10d ago on Sep 23, 2026· 29m 51s· 6 players
Game mode
Random Map
Map size
Normal (6 player)
Population
200
Speed
Normal
Resources
Standard
Victory
Conquest
Starting age
Dark Age
Ending age
Imperial Age
RankedLock teamsTeams togetherTeam positionsShared explorationLock speedFull tech treeHidden civsTurbo modeCheats
Victory
Defeat
🇮🇳 Spanish · India
619
+15
🇮🇹 Bohemians · Italy
542
+18
🇨🇳 Portuguese · China
529
+19
🇮🇹 Bulgarians · Italy
672
-21
🇺🇦 Ethiopians · Ukraine
652
-20
🇮🇪 Vikings · Ireland
443
-11
Amaromuro876
15:43 Feudal Age
15:24 Loom
17:29 Man-at-Arms
25:51 Double-Bit Axe
27:47 Horse Collar
betalbaadshah
0:49 Loom
12:35 Feudal Age
14:59 Wheelbarrow
15:33 Double-Bit Axe
16:42 Horse Collar
16:54 Gold Mining
16:58 Stone Mining
17:03 Arson
17:56 Man-at-Arms
22:20 Forging
22:11 Scale Mail Armor
28:19 Castle Age
KrSo
0:50 Loom
11:15 Feudal Age
14:19 Wheelbarrow
16:40 Horse Collar
21:06 Castle Age
25:02 Bloodlines
24:54 Husbandry
25:14 Double-Bit Axe
25:31 Heavy Plow
babel92
0:27 Loom
12:21 Feudal Age
16:27 Castle Age
14:49 Double-Bit Axe
15:23 Horse Collar
15:42 Stone Mining
17:17 Wheelbarrow
19:21 Bow Saw
24:29 Gold Mining
24:54 Forging
24:45 Scale Mail Armor
25:59 Heavy Plow
26:57 Scale Barding Armor
Rooker
0:32 Loom
14:11 Feudal Age
14:43 Double-Bit Axe
14:47 Horse Collar
14:55 Town Watch
Deman501
10:38 Loom
12:26 Feudal Age
20:47 Castle Age
22:09 Man-at-Arms
22:40 Crossbowman
23:32 Long Swordsman
Connection lost

Rejoining the realm…

Still unreachable

The connection could not be restored.

Session expired

The server has moved on; the page needs a fresh start.